 Dungeon Crawl Stone Soup version 0.20-a0-1114-g33edf32 (webtiles) character file.

282 JeffiDaFish the Shield-Bearer (level 6, -5/38 HPs)
             Began as a Gargoyle Fighter on May 6, 2017.
             Slain by an ogre
             ... wielding a +0 giant club
              (19 damage)
             ... on level 4 of the Dungeon.
             The game lasted 00:05:00 (3015 turns).

JeffiDaFish the Shield-Bearer (Gargoyle Fighter)    Turns: 3015, Time: 00:05:00

Health: -5/38      AC: 13    Str: 20    XL:     6   Next: 28%
Magic:  6/6        EV:  6    Int:  8    God:
Gold:   169        SH:  9    Dex: 11    Spells: 5/5 levels left

rFire    . . .     SeeInvis +   a - +0 flail
rCold    . . .     Gourm    .   c - +0 shield
rNeg     + . .     Faith    .   l - +0 chain mail
rPois    ∞         Spirit   .   (no helmet)
rElec    +         Reflect  .   (no cloak)
rCorr    +         Harm     .   (no gloves)
MR       .....                  (no boots)
Stlth    ..........             e - amulet of rage
Regen    0.2/turn               m - ring of resist corrosion
MPRegen  0.1/turn               k - ring of see invisible

@: no status effects
A: negative energy resistance 1, electricity resistance, unbreathing,
petrification resistance, rot immunity, AC +4
a: Evoke Berserk Rage


You were on level 4 of the Dungeon.
You were hungry.

You visited 1 branch of the dungeon, and saw 5 of its levels.

You collected 169 gold pieces.

Inventory:

Hand Weapons
 a - a +0 flail (weapon)
Armour
 c - a +0 shield (worn)
 l - a +0 chain mail (worn)
Jewellery
 e - an amulet of rage (around neck)
 k - a ring of see invisible (right hand)
 m - a ring of resist corrosion (left hand)
Scrolls
 i - a scroll of identify
Potions
 d - a potion of might
 g - a potion of agility
Comestibles
 f - a bread ration
 j - 3 meat rations


   Skills:
 + Level 4.0 Fighting
 + Level 4.1 Maces & Flails
 + Level 4.3 Armour
 + Level 1.2 Dodging
 + Level 0.2 Stealth
 + Level 4.5 Shields


You had 5 spell levels left.
You didn't know any spells.

Dungeon Overview and Level Annotations

Branches:
Dungeon (5/15)
 Temple: D:4-7

Altars:
Elyvilon
Nemelex Xobeh
Ru
The Shining One


Innate Abilities, Weirdness & Mutations

You are resistant to torment.
Your stone body is resilient. (AC +4)
You are immune to poison.
You resist negative energy. (rN+)
You are resistant to electric shocks. (rElec)
You can survive without breathing.
You are immune to petrification.
You are immune to rotting.


Message History

The ogre shouts!
Found a cabochon ring, a bread ration and a scroll of recharging.
There is a stone staircase leading up here.
You block the ogre's attack.
You climb upwards.
There is a stone staircase leading down here.
You barely miss the ogre. You block the ogre's attack.
You barely miss the ogre. The ogre hits you with a giant club!!
Ouch! That really hurt!
You hit the ogre.
The ogre is lightly wounded.
You block the ogre's attack.
You hit the ogre.
The ogre is moderately wounded.
You hit the ogre.
The ogre is heavily wounded.
You block the ogre's attack. The ogre hits you with a giant club!!
Ouch! That really hurt!
You die...

#.########### #.#####
#.#.........####......
#.#...................
#.#########.#####.....
#.# #.................
#.# #.#####.####......
#.# #.#####.# #......
#.# #.#...#.# #......
#.# #@#.#.#.####......
#.# #>O...............
####.#
#.#.#.#.####......
#....# #.#.#.#.#
#.##### #.####
#.#.#.#.# #.# ### #.#
#.#.#.#.# #.# #.. #.#
#.#.#.#.####.# #.. #.#
#.#.#........###.. #.#
#.#.##............


You could see an ogre.

Vanquished Creatures
  A howler monkey (D:4)
  A hound (D:3)
  An orc priest (D:4)
  2 worker ants (D:4)
  5 adders
  An ooze (D:1)
  An adder skeleton (D:4)
  2 worms (D:3)
  A dart slug (D:2)
  2 leopard geckos
  10 orcs
  3 giant cockroaches
  7 hobgoblins
  4 jackals (D:4)
  A quokka (D:3)
  A ball python (D:4)
  5 bats
  4 frilled lizards
  7 goblins
  8 kobolds
  A leopard gecko skeleton (D:4)
  5 rats
73 creatures vanquished.

Vanquished Creatures (others)
  A rat (D:1)
1 creature vanquished.

Grand Total: 74 creatures vanquished

Notes
Turn   | Place    | Note
-------+----------+-------------------------------------------
     0 | D:1      | JeffiDaFish the Gargoyle Fighter began the quest for the Orb.
     0 | D:1      | Reached XP level 1. HP: 14/14 MP: 1/1
   225 | D:1      | Found a sparkling altar of Nemelex Xobeh.
   323 | D:1      | Reached XP level 2. HP: 15/19 MP: 2/2
   708 | D:1      | You fall through a shaft!
   777 | D:2      | Reached XP level 3. HP: 19/23 MP: 3/3
   950 | D:2      | Found a sacrificial altar of Ru.
   957 | D:2      | Found a glowing golden altar of the Shining One.
  1026 | D:2      | You fall through a shaft for 2 floors!
  1324 | D:4      | Reached XP level 4. HP: 24/29 MP: 4/4
  1525 | D:4      | Reached skill level 1 in Dodging
  1525 | D:4      | Reached XP level 5. HP: 16/33 MP: 5/5
  2077 | D:3      | Reached XP level 6. HP: 38/38 MP: 6/6
  2108 | D:3      | Found a white marble altar of Elyvilon.
  3007 | D:5      | Entered Level 5 of the Dungeon
  3015 | D:4      | Slain by an ogre

Vault maps used:
D:1:      minmay_arrival_five_plusses, hex_large, nemelex_altar_shiori
D:2:      minitemple, kiku_gazebo_garden_becter, nicolae_overflow_crystal_walls,
          overflow_temple_1_default, minmay_item_behind_shaft
D:3:      elyvilon_altar_3
D:4:      kennysheep_generic_room_2
D:5:      minmay_temple_entry_statues_fountains, first_bread, uniq_pikel

Skill      XL: |  1  2  3  4  5  6 |
---------------+-------------------+-----
Shields        | 4 |  4.5
Maces & Flails | 3 4 |  4.1
Armour         | 4 |  4.3
Dodging        | 1 |  1.2
Fighting       | 4 |  4.0
Stealth        | |  0.2

Action                   |  1- 3 |  4- 6 || total
-------------------------+-------+-------++-------
Melee: Flail             |   124 |   238 ||   362
  Use: Scroll            |     4 |     1 ||     5
       Potion            |     1 |     1 ||     2
  Eat: Chunk             |     2 |     5 ||     7
Armor: Scale mail        |    73 |    36 ||   109
       Chain mail        |       |    89 ||    89
Dodge: Dodged            |    40 |    68 ||   108
Block: Shield            |    63 |   134 ||   197
